 Dungeon Crawl Stone Soup version 0.30-a0-711-gf4ac18a38d (webtiles) character file.

Game seed: 14398887662804661298

112 Darius099 the Trooper (level 4, 0/29 HPs)
             Began as a Gargoyle Fighter on Jan 23, 2023.
             Slain by Sigmund
             ... wielding a +0 scythe
              (3 damage)
             ... on level 2 of the Dungeon.
             The game lasted 00:01:06 (1357 turns).

Darius099 the Trooper (Gargoyle Fighter)            Turns: 1357, Time: 00:01:07

Health: 0/29       AC: 10    Str: 20    XL:     4   Next: 95%
Magic:  4/4        EV:  9    Int: 14    God:
Gold:   125        SH:  0    Dex: 17    Spells: 3/3 levels left

rFire   . . .      SeeInvis .    a - +0 flail
rCold   . . .      Faith    .    c - +0 buckler
rNeg    + . .      Spirit   .    b - +0 scale mail
rPois   ∞          Reflect  .    (no helmet)
rElec   +          Harm     .    (no cloak)
rCorr   .          Rampage  .    (no gloves)
Will    .....                    (no boots) Stlth
                                 (no amulet)
HPRegen 0.24/turn                e - +6 ring of dexterity
MPRegen 0.09/turn                k - +6 ring of intelligence

@: confused
A: sickness immunity, AC +3, negative energy resistance 1, electricity
resistance, torment resistance 1, petrification resistance
a: no special abilities


You were on level 2 of the Dungeon.
You visited 1 branch of the dungeon, and saw 2 of its levels.

You collected 125 gold pieces.

Inventory:

Hand Weapons
 a - a +0 flail (weapon)
Armour
 b - a +0 scale mail (worn)
 c - a +0 buckler (worn)
Jewellery
 e - a +6 ring of dexterity (left hand)
 k - a +6 ring of intelligence (right hand)
 m - a ring of see invisible
Wands
 r - a wand of flame (9)
Scrolls
 f - a scroll of enchant armour {unknown}
 g - a scroll of teleportation {unknown}
 j - 6 scrolls of identify {unknown}
 l - a scroll of immolation {unknown}
 o - a scroll of fear {unknown}
Potions
 d - a potion of might
 h - a potion of mutation {unknown}
 i - a potion of degeneration {unknown}
 n - a potion of cancellation {unknown}
 p - a potion of curing
 q - a potion of lignification {unknown}


   Skills:
 + Level 4.0 Fighting
 + Level 2.8 Maces & Flails
 + Level 4.0 Armour
 + Level 1.0 Dodging
 + Level 4.0 Shields


You had 3 spell levels left.
You didn't know any spells.
Your spell library contained the following spells:

 Spells                   Type           Power      Damage    Failure   Level
 Ozocubu's Armour         Ice            0%         N/A       97%         3
 Ozocubu's Refrigeration  Ice            0%         4d7       100%        7


Dungeon Overview and Level Annotations

Branches:
Dungeon (2/15)

Altars:

Shops:
D:1 !(

Annotations:
D:2 Sigmund


Innate Abilities, Weirdness & Mutations

You are immune to sickness and miasma.
Your stone body is resilient. (AC +3)
You are immune to poison.
You resist negative energy. (rN+)
You are resistant to electric shocks. (rElec)
You are resistant to unholy torment.
You are immune to petrification.


Message History

You are too confused!
You are too confused!
You are too confused!
You are too confused!
You are too confused!
You are too confused!
You are too confused!
You are too confused!
You bump into the rock wall.
Sigmund is nearby!
Sigmund is nearby!
Sigmund is nearby!
Sigmund is nearby!
Sigmund gestures at you while chanting.
You are more confused.
Sigmund hits you from afar with a +0 scythe!
Sigmund whispers, "You'll know eternity soon."
Sigmund hits you with a +0 scythe.
You miss Sigmund. Sigmund barely misses you.
You bump into the rock wall.
Sigmund gestures at you while chanting. The magic dart hits you.
You bump into the rock wall.
Sigmund gestures wildly while chanting.
Sigmund flickers and vanishes!
Deactivating autopickup; reactivate with Ctrl-A.
You hear some strange, mumbled words.
You are more confused.
You sock something! Something completely misses you. Something hits you.
Something hits you but does no damage.
You bump into the rock wall.
A magic dart appears from out of thin air!
The magic dart hits you.
* * * LOW HITPOINT WARNING * * *
You bump into the rock wall.
A magic dart appears from out of thin air!
The magic dart hits you.
* * * LOW HITPOINT WARNING * * *
Something hits you.
You die...

#.............#.#.
#############.#.#.
#...# #.#.#. #.#.#
#####.#.#. #.#.#
#.....#.#. #.#.#
#.#####.#.
#.#.#####.# #.#.
#.#.......# #.#.
#@#.......# #.#.
#.#.#####.# #.#.
#.#.# #.#####.#.
#.#.# #.......#.
#.#.# ##########
#.#.# #.#.# #.#.#
#.#.#


There were no monsters in sight!

Vanquished Creatures
  Natasha (thrice) (D:2)
  A dart slug (D:1)
  6 ball pythons
  An endoplasm (D:2)
  2 giant cockroaches
  6 goblins
  3 hobgoblins (D:1)
  3 quokkas
  2 bats (D:1)
  5 kobolds
  3 rats
35 creatures vanquished.

Notes
Turn   | Place    | Note
-------+----------+-------------------------------------------
     0 | D:1      | Darius099 the Gargoyle Fighter began the quest for the Orb.
     0 | D:1      | Reached XP level 1. HP: 14/14 MP: 1/1
   134 | D:1      | Reached XP level 2. HP: 19/19 MP: 2/2
   235 | D:1      | Found Kepenout's Distillery.
   375 | D:1      | Found Nuuj's Antique Weapon Emporium.
   698 | D:2      | Reached XP level 3. HP: 23/23 MP: 3/3
   712 | D:2      | Noticed Natasha
   720 | D:2      | Killed Natasha
   843 | D:2      | Reached XP level 4. HP: 29/29 MP: 4/4
  1062 | D:2      | Noticed Natasha
  1073 | D:2      | Killed Natasha
  1119 | D:2      | Noticed Natasha
  1131 | D:2      | Killed Natasha
  1132 | D:2      | Reached skill level 1 in Dodging
  1339 | D:2      | Noticed Sigmund
  1357 | D:2      | Slain by Sigmund

Illustrated notes

Levels and vault maps discovered:
D:1:      nicolae_arrival_memento_mori, layout_basic, serial_shops,
          nicolae_shop_overgrown_old_shop, nicolae_shop_behind_doors
D:2:      layout_basic, uniq_sigmund, uniq_natasha

Skill      XL: |  1  2  3  4 |
---------------+-------------+-----
Fighting       | 4 |  4.0
Armour         | 4 |  4.0
Dodging        | 1 |  1.0
Shields        | 4 |  4.0
Maces & Flails | |  2.8

Action                     |  1- 3 |  4- 6 || total
---------------------------+-------+-------++-------
  Melee: Flail             |    56 |    36 ||    92
 Armour: Scale mail        |    30 |    21 ||    51
  Dodge: Dodged            |    22 |    17 ||    39
  Block: Buckler           |    13 |     8 ||    21

Table legend: (Time is in decaauts)
 A = Elapsed time spent in this place.
 B = Non-inter-level travel time spent in this place.
 C = Inter-level travel time spent in this place.
 D = Time resting spent in this place.
 E = Time spent auto-exploring this place.
 F = Levels seen in this place.
 G = Mean time per level.
                   A        B        C        D        E       F      G
               +--------+--------+--------+--------+--------+-----+--------+
         Total |   1391 |   1391 |      0 |      0 |   1120 |   2 |  695.5 |
       Dungeon |   1391 |   1391 |      0 |      0 |   1120 |   2 |  695.5 |
               +--------+--------+--------+--------+--------+-----+--------+

Top non-repeatable levels by time:
     D:1: 702 daAuts
     D:2: 689 daAuts
